Selects Mechanized Battlegroup
Selects Mechanized Battlegroup
Construct Infanterie Kompanie
Construct Luftwaffe Kompanie
Marder III M Tank Destroyer
Selects Zeroing Artillery Barrage
Marder III M Tank Destroyer
Selects Wespe Self-propelled Artillery
Wespe Self-propelled Artillery
Construct Panzer Kompanie
Selects 8 Rad Armored Car
Selects Panther Heavy Tank
Zeroing Artillery Barrage